 Dungeon Crawl Stone Soup version 0.17-a0-1831-gaadb308 (webtiles) character file.

128 ololoev the Conjurer (level 4, 0/33 HPs)
             Began as a Draconian Conjurer on Sept 14, 2015.
             Slain by a gnoll
             ... wielding a +0 club
              (10 damage)
             ... on level 2 of the Dungeon.
             The game lasted 00:05:29 (3940 turns).

ololoev the Conjurer (Draconian Conjurer)           Turns: 3940, Time: 00:05:29

Health: 0/33       AC:  5    Str: 10    XL:     4   Next: 86%
Magic:  3/9        EV: 12    Int: 16    God:
Gold:   39         SH:  0    Dex: 12    Spells: 2 memorised, 6 levels left

rFire  . . .     SeeInvis .     m - +1 halberd (freeze)
rCold  . . .     Clarity  .     (armour unavailable)
rNeg   . . .     SustAt   .     (no shield)
rPois  .         Gourm    .     (helmet restricted)
rElec  .         Spirit   .     (no cloak)
rCorr  .         Warding  .     (no gloves)
rMut   .         Stasis   .     (no boots)
MR     .....                    (no amulet)
Stlth  ++........               (no ring)
                                (no ring)

@: not resistant to hostile enchantments, unstealthy
A: unfitting armour, cold-blooded, AC +5
a: no special abilities


Innate Abilities, Weirdness & Mutations

Your plain brown scales are hard (AC +5).
Your body does not fit into most forms of armour.
You are cold-blooded and may be slowed by cold attacks.

Inventory:

Hand weapons
 m - a +1 halberd of freezing (weapon)
Scrolls
 d - 2 scrolls of remove curse {unknown}
 e - 2 scrolls of fog {unknown}
 l - a scroll of identify {unknown}
Potions
 c - a potion of heal wounds {unknown}
 g - a potion of degeneration {unknown}
 i - a potion of brilliance {unknown}
 j - 2 potions of flight {unknown}
 k - a potion of invisibility {unknown}
Books
 a - a book of Conjurations

   Spells                             Type                      Level
   a - Magic Dart                     Conjuration                  1
   b - Searing Ray                    Conjuration                  2
   c - Dazzling Spray                 Conjuration/Hexes            3
   d - Fulminant Prism                Conjuration/Hexes            4
   e - Iskenderun's Mystic Blast      Conjuration                  4
   f - Iskenderun's Battlesphere      Conjuration/Charms           5
Comestibles
 b - 5 bread rations
 f - a beef jerky
 h - 2 meat rations


   Skills:
 - Level 1.7 Dodging
 - Level 1.7 Stealth
 + Level 3.3 Spellcasting
 * Level 5.4 Conjurations


You had 6 spell levels left.
You knew the following spells:

 Your Spells              Type           Power        Failure   Level  Hunger
a - Magic Dart            Conj           ###.         1%          1    None
b - Searing Ray           Conj           ###...       3%          2    ##.....


You were on level 2 of the Dungeon.
You were hungry.

You visited 1 branch of the dungeon, and saw 2 of its levels.

You collected 39 gold pieces.

#........####'# #.(......#
#.# #........# #.#
#........# #.# #........#
#.# #........# #)#
#........# #g#
###################......###
#.#
...........>....@g.......#
..#
##########################
.## #. #.


gg

Notes
Turn   | Place    | Note
--------------------------------------------------------------
     0 | D:1      | ololoev the Draconian Conjurer began the quest for the Orb.
     0 | D:1      | Reached XP level 1. HP: 14/14 MP: 3/3
   987 | D:1      | Reached XP level 2. HP: 20/20 MP: 3/5
   991 | D:1      | Learned a level 2 spell: Searing Ray
  1966 | D:2      | Reached XP level 3. HP: 26/26 MP: 4/7
  2630 | D:2      | Reached skill level 5 in Conjurations
  2739 | D:2      | Reached XP level 4. HP: 33/33 MP: 3/8
  2802 | D:2      | Found a shattered altar of Ashenzari.
  3585 | D:2      | HP: 1/33 [gnoll/halberd of freezing (4)]
  3940 | D:2      | Slain by a gnoll

Dungeon Overview and Level Annotations

Branches:
Dungeon (2/15)

Altars:
Ashenzari


Message History

m - a halberd of freezing Wield which item (- for none, * to show all)? (? for menu, Esc to quit)
It glows with a cold blue light!
m - a +1 halberd of freezing (weapon)
The gnoll misses you.
You closely miss the gnoll. The gnoll closely misses you.
You closely miss the gnoll. The gnoll hits you. The gnoll hits you.
You puncture the gnoll! You freeze the gnoll.
You kill the gnoll!
The gnoll hits you with a club.
You barely miss the gnoll. The gnoll closely misses you.
You barely miss the gnoll.
Your tail-slap misses the gnoll.
The gnoll hits you but does no damage. The gnoll hits you with a club.
You closely miss the gnoll.
Your tail-slap misses the gnoll.
The gnoll closely misses you.
You closely miss the gnoll. The gnoll hits you with a club.
You barely miss the gnoll. The gnoll barely misses you.
The gnoll barely misses you.
You closely miss the gnoll. The gnoll hits you with a club.
You hit the gnoll. You freeze the gnoll.
The gnoll is lightly wounded.
The gnoll hits you with a club.
You are too injured to fight recklessly!
You are too injured to fight recklessly!
You are too injured to fight recklessly!
You hit the gnoll. You freeze the gnoll.
The gnoll is heavily wounded.
The gnoll closely misses you. x2
You barely miss the gnoll.
The gnoll is heavily wounded.
The gnoll hits you with a club.
Casting: Magic Dart
Confirm with . or Enter, or press ? or * to list all spells.
Aiming: Searing Ray
Press: ? - help, Shift-Dir - straight line, f - gnoll
Aim: a gnoll, wielding a club (heavily wounded)
The searing ray hits the gnoll.
The gnoll is almost dead.
The gnoll hits you with a club!
You die...

You could see a gnoll.

Vanquished Creatures
  3 gnolls (D:2)
  3 adders (D:2)
  An ooze (D:2)
  2 worms (D:2)
  An orc (D:2)
  9 bats
  7 giant cockroaches
  6 goblins
  3 hobgoblins
  8 jackals (D:1)
  A quokka (D:2)
  4 ball pythons
  A giant gecko (D:1)
  3 giant newts
  3 kobolds
  4 rats
59 creatures vanquished.

Action                   |  1- 3 |  4- 6 || total
-------------------------+-------+-------++-------
Melee: Unarmed           |    87 |     3 ||    90
       Halberd           |       |    12 ||    12
 Cast: Magic Dart        |    43 |    26 ||    69
       Searing Ray       |     6 |     8 ||    14
 Stab: Sleeping          |     1 |     1 ||     2
  Eat: Chunk             |     5 |     5 ||    10

Vault maps used:
D:1:      minmay_arrival_widening_spiral_wide, st_stairs_11
D:2:      evilmike_ruin_ashenzari, first_bread, makhleb_altar_promises_db
